AoeStats
← oats

Arena

509006366Analyzed
1v1 RM · 9d ago on Sep 25, 2026· 37m 18s· 2 players
Game mode
Random Map
Map size
Tiny (2 player)
Population
200
Speed
Normal
Resources
Standard
Victory
Conquest
Starting age
Dark Age
Ending age
Imperial Age
RankedLock teamsTeams togetherTeam positionsShared explorationLock speedFull tech treeHidden civsTurbo modeCheats
Victory
Defeat
🇺🇸 Saxons · United States
910
+15
🇺🇸 Franks · United States
898
-42
oats
13:09 Feudal Age
14:23 Double-Bit Axe
17:11 Castle Age
16:07 Forging
16:10 Gold Mining
17:10 Wheelbarrow
17:15 Scale Barding Armor
17:02 Fletching
19:13 Iron Casting
18:42 Husbandry
22:29 Fletching
24:15 Gold Shaft Mining
23:47 Town Watch
34:08 Bodkin Arrow
34:13 Padded Archer Armor
34:54 Ballistics
34:00 Pikeman
34:34 Light Cavalry
35:33 Pikeman
The Crow's Eye
11:05 Feudal Age
14:56 Castle Age
13:39 Double-Bit Axe
14:53 Horse Collar
15:28 Town Watch
16:29 Loom
21:36 Wheelbarrow
22:20 Fletching
22:32 Scale Mail Armor
22:10 Pikeman
24:08 Squires
24:19 Bodkin Arrow
30:12 Imperial Age
27:57 Gold Mining
29:18 Town Patrol
29:34 Hand Cart
30:35 Halberdier
32:40 Gold Shaft Mining
31:55 Stone Mining
32:37 Conscription
34:03 Bracer
34:16 Forging
34:17 Crossbowman
35:45 Sanctity
35:59 Padded Archer Armor
36:35 Iron Casting
36:16 Chain Mail Armor
36:21 Bow Saw
36:42 Thumb Ring
Connection lost

Rejoining the realm…

Still unreachable

The connection could not be restored.

Session expired

The server has moved on; the page needs a fresh start.